Map: Protocollo centrale

Players

Jhyrachy - Winner!

  • Race: Zerg Zerg
  • League: Silver

Drixtorn

  • Race: Zerg Zerg
  • League: Silver

VOD

Have the link to the VOD?

Description

Time

  • Played on: Dec. 10, 2015, 4:06 p.m.
  • Length: 6:17
Show
View Real Time Build Order
Export as new Build Order

Jhyrachy Zerg - Winner!

Build Orders: Hatch First 

Get SALT Encoding   

  12  0:02  Drone  
  13  0:10  Drone  
  14  0:17  Overlord  
  14  0:26  Extractor  
  13  0:31  Extractor  
  13  0:32  Drone x2  
  16  0:57  Hatchery  
  16  1:03  Extractor  
  14  1:04  Drone  
  15  1:11  Drone  
  15  1:12  Drone  
  17  1:23  Spawning Pool  
  16  1:37  Drone  
  16  1:38  Overlord  
  17  2:01  Drone  
  18  2:10  Queen  
  20  2:17  Queen  
  22  2:24  Zergling x6  
  25  2:31  Zergling x2  
  25  2:36  Metabolic Boost  
  26  2:47  Baneling Nest  
  25  3:07  Zergling x12  
  27  3:51  Baneling  
  27  3:52  Baneling x5  
  27  3:59  Overlord x2  
  27  4:00  Zergling x2  
  27  4:01  Zergling x12  
  30  4:45  Zergling x2  
  31  4:46  Zergling x24  
  34  5:32  Zergling x2  
  34  5:33  Zergling x18  
  36  5:50  Zergling x6  
  36  5:51  Zergling x2  
  36  5:53  Baneling  
  36  5:54  Baneling x6  
Show
View Real Time Build Order
Export as new Build Order

Drixtorn Zerg 

Build Orders: Pool First 

Get SALT Encoding   

  12  0:02  Drone  
  13  0:10  Drone  
  14  0:18  Extractor, Drone  
  14  0:23  Overlord  
  14  0:42  Drone x2  
  16  0:53  Spawning Pool, Drone  
  16  0:58  Drone  
  17  1:08  Drone  
  18  1:29  Overlord  
  18  1:38  Hatchery  
  17  1:41  Drone  
  17  1:46  Metabolic Boost  
  18  2:05  Drone x2  
  18  2:06  Drone  
  21  2:09  Queen  
  23  2:26  Drone  
  24  2:31  Extractor  
  23  2:42  Drone x2  
  25  2:51  Queen  
  27  2:59  Drone x3  
  30  3:13  Zergling x6  
  31  3:41  Queen  
  28  3:44  Drone x4  
  28  3:45  Drone x2  
  36  4:10  Overlord x2  
  36  4:14  Extractor  
  29  4:36  Zergling x10  
  29  4:37  Zergling x4  
  32  4:43  Spine Crawler  
  32  4:45  Spine Crawler  
  15  5:03  Drone x5  
  20  5:21  Queen, Spine Crawler  
Tags
 
Add a new tag
Caveats
  • Supply blocks, unpowered buildings, or Contaminate may cause inaccurate times.
  • Supply counts are checked every 10 seconds.